Connexion

Palm Springs Eager vs Heat

Created - 27 février 2024 at 05:53

Goals
1 2 3 T
Palm Springs Eager 0 3 3 6
Heat 0 2 2 4
Shots
1 2 3 T
Palm Springs Eager 6 21 13 40
Heat 14 10 11 35

GoalsPenalties
1st period
No Goal
Ryan Graves (SEA) for Interference (Minor) at 4:52
Radko Gudas (SEA) for Delaying the game (Minor) at 7:06
Scott Mayfield (SEA) for Diving (Minor) at 13:11
Aidan McDonough (STO) for Hooking (Minor) at 16:03
Steven Lorentz (SEA) for Interference (Minor) at 16:03
2nd period
1. Heat , Tyce Thompson 23 (Jacob Bryson 36, Kyle Criscuolo 44) at 4:42
2. Heat , Tyce Thompson 24 (Jesper Lindgren 30, Kyle Criscuolo 45) at 5:03
3. Palm Springs Eager , Saku Maenalanen 27 (Mike Hardman 32, Nico Sturm 35) at 5:50
4. Palm Springs Eager , Saku Maenalanen 28 (Mike Hardman 33, Nico Sturm 36) at 13:32
5. Palm Springs Eager , Jonathan Toews 29 (Gavin Bayreuther 31) at 14:56
Steven Oleksy (STO) for High sticking (Double Minor) at 0:33
Nathan Smith (STO) for Holding (Minor) at 1:40
Mathieu Joseph (STO) for Roughing (Minor) at 15:39
3rd period
6. Palm Springs Eager , Nico Sturm 23 (Saku Maenalanen 33, Radko Gudas 23) at 1:15
7. Heat , Mathieu Joseph 38 (Nathan Smith 64) at 3:33
8. Palm Springs Eager , Saku Maenalanen 29 (Mike Hardman 34, Colin Miller 25) at 6:08
9. Heat , Mathieu Joseph 39 (Brinson Pasichnuk 43, Nathan Smith 65) at 7:19
10. Palm Springs Eager , Steven Lorentz 15 (Jonathan Toews 41) at 12:37 (PP)
Steven Oleksy (STO) for Tripping (Minor) at 7:59
Jesper Lindgren (STO) for High sticking (Minor) at 12:35
Goalie Stats
Joseph Woll (SEA), 31 saves from 35 shots - (0,886), W, 9-6-3, 60:00 minutes
Matthew Galajda (STO), 34 saves from 40 shots - (0,850), L, 22-18-5, 60:00 minutes
3 StarsOfficial
1 - Saku Maenalanen (SEA)
2 - Nico Sturm (SEA)
3 - Mike Hardman (SEA)
Referees : Justin StPierre and Rob Shick
Linesman : Pierre Champoux and Derek Nansen
Game Note
Saku Maenalanen has scored a Hat Trick!
Finance
Level 1 -- Attendance: 2000 (100,00%) -- Ticket Income $70,000
Level 2 -- Attendance: 973 (97,30%) -- Ticket Income $14,595
Total Attendance: 2973 (99,10%)
Total Ticket Income: $84,595
Other Income: $16,919
Total Income: $101,514



Team Name Goals Shots Shots Attemp Shots Blocked PIM HIT PP PK FO%
Palm Springs Eager 6408016891 / 6 (17%)054%
Heat 43578814340 / 3 (0%)146%

Palm Springs Eager
Player Name POS G A P +/- PIM HIT SHT SB MP PP MP PP SHT PK MP PK SHT FO% FOT
Alexander CampbellC/LW000000106:110:0000:0000% 1
Colin MillerD0110011126:555:1613:1900% 0
Dmitry OvchinnikovLW000-1000011:300:0000:0000% 1
Gavin BayreutherD0111003221:042:4332:3500% 0
Jonathan ToewsC112-1004223:495:1313:26071% 45
Lias AnderssonC000-1020011:300:0000:00050% 14
Mike HardmanC/LW/RW0333001015:152:0000:06033% 21
Nico SturmC/LW1233014018:242:4612:2500% 0
Nikita NesterenkoC/LW/RW000001116:190:0810:0000% 1
Radko GudasD0111200419:482:4301:1800% 0
Riley DuranC000000006:110:0000:00029% 7
Rocco GrimaldiC/RW000-1024022:595:5112:25040% 10
Ryan GravesD0000203326:005:1612:2700% 0
Saku MaenalanenC/LW/RW3143006016:152:4600:310100% 2
Scott MayfieldD0000200113:310:0001:3400% 0
Scott ReedyC000-1005011:300:0000:000100% 1
Steven LorentzC/LW101-1227022:105:1353:010100% 1
Vili SaarijarviD0000000212:390:0000:4100% 0
Heat
Player Name POS G A P +/- PIM HIT SHT SB MP PP MP PP SHT PK MP PK SHT FO% FOT
Aidan McDonoughLW000-1232023:492:4205:1600% 2
Artur KayumovLW/RW000000103:330:0000:2800% 0
Brett LeasonRW0000013018:223:1500:54067% 3
Brinson PasichnukD0110000125:153:0704:1200% 0
Cole SchneiderLW/RW000-1020018:342:4200:0000% 0
Egor SokolovLW/RW0000051011:330:0000:0000% 1
Greg McKeggC/LW/RW000-1041018:342:4200:00059% 22
Jacob BrysonD0110024222:572:5023:2000% 0
Jan JenikC/RW000000103:050:0000:00083% 6
Jesper LindgrenD011-1220112:270:0501:0200% 0
John Albert C000000000:310:0000:0000% 0
Jordan SubbanD000-1000114:090:0002:4800% 0
Kyle CriscuoloC/RW0220012012:230:0000:00030% 23
Mathieu JosephLW/RW20202210025:003:1523:45038% 16
Nathan SmithC0220251019:053:1501:37054% 26
Steven OleksyD0000632121:523:0700:5100% 0
Tarmo ReunanenD0000042223:172:4513:4500% 0
Tyce ThompsonRW2020005013:310:0001:58020% 5



Play-by-Play

1st period


0:01 of 1st period - Rocco Grimaldi wins face-off versus Brett Leason in neutral zone.
0:30 of 1st period - Shot by Rocco Grimaldi.
0:30 of 1st period - Stopped by Matthew Galajda without a rebound.
0:31 of 1st period - Greg McKegg wins face-off versus Mike Hardman in Heat zone.
0:52 of 1st period - Shot by Saku Maenalanen.
0:52 of 1st period - Shot Misses the Net.
0:54 of 1st period - Shot by Nico Sturm.
0:54 of 1st period - Shot Misses the Net.
0:58 of 1st period - Shot by Mike Hardman.
0:58 of 1st period - Shot Misses the Net.
1:06 of 1st period - Shot by Gavin Bayreuther.
1:06 of 1st period - Shot Misses the Net.
1:08 of 1st period - Shot by Mike Hardman.
1:08 of 1st period - Stopped by Matthew Galajda without a rebound.
1:09 of 1st period - Lias Andersson wins face-off versus Kyle Criscuolo in Heat zone.
1:32 of 1st period - Kyle Criscuolo is hit by Lias Andersson and loses puck.
1:47 of 1st period - Lias Andersson is hit by Kyle Criscuolo and loses puck.
1:51 of 1st period - Icing by Scott Mayfield.
1:52 of 1st period - Lias Andersson wins face-off versus Nathan Smith in Palm Springs Eager zone.
2:15 of 1st period - Shot by Brett Leason.
2:15 of 1st period - Stopped by Joseph Woll without a rebound.
2:16 of 1st period - Greg McKegg wins face-off versus Alexander Campbell in Palm Springs Eager zone.
2:27 of 1st period - Shot by Alexander Campbell.
2:27 of 1st period - Shot Misses the Net.
2:52 of 1st period - Icing by Gavin Bayreuther.
2:53 of 1st period - Jan Jenik wins face-off versus Riley Duran in Palm Springs Eager zone.
2:56 of 1st period - Shot by Jan Jenik.
2:56 of 1st period - Deflect By Mathieu Joseph.
2:56 of 1st period - Stopped by Joseph Woll without a rebound.
2:57 of 1st period - Jonathan Toews wins face-off versus Nathan Smith in Palm Springs Eager zone.
2:57 of 1st period - Jonathan Toews is hit by Nathan Smith.
3:00 of 1st period - Rocco Grimaldi is hit by Nathan Smith and loses puck.
3:31 of 1st period - Icing by Ryan Graves.
3:32 of 1st period - Jonathan Toews wins face-off versus Kyle Criscuolo in Palm Springs Eager zone.
3:32 of 1st period - Jonathan Toews is hit by Egor Sokolov.
3:37 of 1st period - Rocco Grimaldi is hit by Egor Sokolov and loses puck.
3:42 of 1st period - Shot by Kyle Criscuolo.
3:42 of 1st period - Shot Misses the Net.
3:44 of 1st period - Shot by Kyle Criscuolo.
3:44 of 1st period - Stopped by Joseph Woll without a rebound.
3:45 of 1st period - Greg McKegg wins face-off versus Mike Hardman in Palm Springs Eager zone.
4:19 of 1st period - Shot by Aidan McDonough.
4:19 of 1st period - Shot Misses the Net.
4:24 of 1st period - Icing by Scott Mayfield.
4:25 of 1st period - Jan Jenik wins face-off versus Mike Hardman in Palm Springs Eager zone.
4:45 of 1st period - Shot by Artur Kayumov.
4:45 of 1st period - Shot Misses the Net.
4:47 of 1st period - Shot by Artur Kayumov.
4:47 of 1st period - Stopped by Joseph Woll without a rebound.
4:48 of 1st period - Jonathan Toews wins face-off versus Kyle Criscuolo in Palm Springs Eager zone.
4:48 of 1st period - Steven Lorentz is hit by Egor Sokolov and loses puck.
4:52 of 1st period - Minor Penalty to Ryan Graves for Interference.
4:53 of 1st period - Nathan Smith wins face-off versus Jonathan Toews in Palm Springs Eager zone.
5:30 of 1st period - Shot by Nathan Smith.
5:30 of 1st period - Shot Misses the Net.
5:32 of 1st period - Shot by Steven Oleksy.
5:32 of 1st period - Shot Blocked by Jonathan Toews.
5:34 of 1st period - Shot by Brinson Pasichnuk.
5:34 of 1st period - Shot Misses the Net.
5:43 of 1st period - Off-side.
5:44 of 1st period - Greg McKegg wins face-off versus Rocco Grimaldi in neutral zone.
5:53 of 1st period - Shot by Aidan McDonough.
5:53 of 1st period - Shot Misses the Net.
5:55 of 1st period - Shot by Tarmo Reunanen.
5:55 of 1st period - Shot Blocked by Gavin Bayreuther.
5:57 of 1st period - Shot by Aidan McDonough.
5:57 of 1st period - Shot Misses the Net.
6:05 of 1st period - Shot by Tarmo Reunanen.
6:05 of 1st period - Shot Blocked by Gavin Bayreuther.
6:07 of 1st period - Shot by Jacob Bryson.
6:07 of 1st period - Shot Misses the Net.
6:17 of 1st period - Shot by Jacob Bryson.
6:17 of 1st period - Shot Blocked by Radko Gudas.
6:19 of 1st period - Shot by Jacob Bryson.
6:19 of 1st period - Stopped by Joseph Woll without a rebound.
6:20 of 1st period - Jonathan Toews wins face-off versus Nathan Smith in Palm Springs Eager zone.
6:37 of 1st period - Shot by Mathieu Joseph.
6:37 of 1st period - Stopped by Joseph Woll with a rebound.
7:05 of 1st period - Shot by Egor Sokolov.
7:05 of 1st period - Shot Misses the Net.
7:06 of 1st period - Minor Penalty to Radko Gudas for Delaying the game.
7:07 of 1st period - Greg McKegg wins face-off versus Rocco Grimaldi in Palm Springs Eager zone.
8:34 of 1st period - Shot by Brett Leason.
8:34 of 1st period - Shot Misses the Net.
9:07 of 1st period - Icing by Jesper Lindgren.
9:08 of 1st period - Lias Andersson wins face-off versus Kyle Criscuolo in Heat zone.
9:13 of 1st period - Shot by Scott Reedy.
9:13 of 1st period - Shot Misses the Net.
10:03 of 1st period - Icing by Jacob Bryson.
10:04 of 1st period - Mike Hardman wins face-off versus Jan Jenik in Heat zone.
11:39 of 1st period - Shot by Rocco Grimaldi.
11:39 of 1st period - Stopped by Matthew Galajda without a rebound.
11:40 of 1st period - Kyle Criscuolo wins face-off versus Riley Duran in Heat zone.
12:10 of 1st period - Shot by Tyce Thompson.
12:10 of 1st period - Stopped by Joseph Woll without a rebound.
12:11 of 1st period - Lias Andersson wins face-off versus Nathan Smith in Palm Springs Eager zone.
12:40 of 1st period - Shot by Tarmo Reunanen.
12:40 of 1st period - Shot Blocked by Ryan Graves.
12:48 of 1st period - Shot by Mathieu Joseph.
12:48 of 1st period - Stopped by Joseph Woll without a rebound.
12:49 of 1st period - Jonathan Toews wins face-off versus Kyle Criscuolo in Palm Springs Eager zone.
12:51 of 1st period - Icing by Rocco Grimaldi.
12:52 of 1st period - Jonathan Toews wins face-off versus Greg McKegg in Palm Springs Eager zone.
13:11 of 1st period - Minor Penalty to Scott Mayfield for Diving.
13:12 of 1st period - Mathieu Joseph wins face-off versus Jonathan Toews in Palm Springs Eager zone.
13:19 of 1st period - Shot by Jacob Bryson.
13:19 of 1st period - Stopped by Joseph Woll without a rebound.
13:20 of 1st period - Jonathan Toews wins face-off versus Nathan Smith in Palm Springs Eager zone.
13:45 of 1st period - Shot by Nathan Smith.
13:45 of 1st period - Deflect By Mathieu Joseph.
13:45 of 1st period - Stopped by Joseph Woll without a rebound.
13:46 of 1st period - Greg McKegg wins face-off versus Jonathan Toews in Palm Springs Eager zone.
13:47 of 1st period - Shot by Tarmo Reunanen.
13:47 of 1st period - Stopped by Joseph Woll without a rebound.
13:48 of 1st period - Greg McKegg wins face-off versus Jonathan Toews in Palm Springs Eager zone.
15:11 of 1st period - Ryan Graves is hit by Egor Sokolov and loses puck.
15:24 of 1st period - Shot by Kyle Criscuolo.
15:24 of 1st period - Shot Misses the Net.
15:26 of 1st period - Shot by Tyce Thompson.
15:26 of 1st period - Shot Blocked by Nikita Nesterenko.
15:30 of 1st period - Shot by Kyle Criscuolo.
15:30 of 1st period - Shot Misses the Net.
15:32 of 1st period - Shot by Kyle Criscuolo.
15:32 of 1st period - Stopped by Joseph Woll without a rebound.
15:33 of 1st period - Jan Jenik wins face-off versus Lias Andersson in Palm Springs Eager zone.
15:58 of 1st period - Shot by Scott Reedy.
15:58 of 1st period - Stopped by Matthew Galajda without a rebound.
15:59 of 1st period - Jonathan Toews wins face-off versus Greg McKegg in Heat zone.
16:03 of 1st period - Minor Penalty to Aidan McDonough for Hooking.
16:03 of 1st period - Minor Penalty to Steven Lorentz for Interference.
16:04 of 1st period - Mathieu Joseph wins face-off versus Jonathan Toews in neutral zone.
16:34 of 1st period - Shot by Mathieu Joseph.
16:34 of 1st period - Stopped by Joseph Woll without a rebound.
16:35 of 1st period - Jonathan Toews wins face-off versus Mathieu Joseph in Palm Springs Eager zone.
16:46 of 1st period - Shot by Jonathan Toews.
16:46 of 1st period - Shot Misses the Net.
18:11 of 1st period - Shot by Lias Andersson.
18:11 of 1st period - Deflect By Scott Reedy.
18:11 of 1st period - Stopped by Matthew Galajda with a rebound.
18:13 of 1st period - Shot by Lias Andersson.
18:13 of 1st period - Shot Misses the Net.
18:35 of 1st period - Shot by Lias Andersson.
18:35 of 1st period - Shot Misses the Net.
18:43 of 1st period - Shot by Scott Reedy.
18:43 of 1st period - Stopped by Matthew Galajda without a rebound.
18:44 of 1st period - Kyle Criscuolo wins face-off versus Riley Duran in Heat zone.
19:03 of 1st period - Radko Gudas is hit by Steven Oleksy and loses puck.
19:35 of 1st period - Off-side.
19:36 of 1st period - Greg McKegg wins face-off versus Jonathan Toews in neutral zone.
19:41 of 1st period - Shot by Aidan McDonough.
19:41 of 1st period - Shot Misses the Net.
19:43 of 1st period - Shot by Cole Schneider.
19:43 of 1st period - Shot Blocked by Colin Miller.
19:45 of 1st period - Shot by Jacob Bryson.
19:45 of 1st period - Stopped by Joseph Woll without a rebound.
19:46 of 1st period - Brett Leason wins face-off versus Mike Hardman in Palm Springs Eager zone.
19:49 of 1st period - Shot by Brett Leason.
19:49 of 1st period - Shot Blocked by Ryan Graves.
Goals for this period are 0 for Palm Springs Eager vs 0 for Heat .
Shots for this period are 6 for Palm Springs Eager vs 14 for Heat .

2nd period


0:01 of 2nd period - Jonathan Toews wins face-off versus Nathan Smith in neutral zone.
0:01 of 2nd period - Rocco Grimaldi is hit by Nathan Smith and loses puck.
0:13 of 2nd period - Icing by Steven Oleksy.
0:14 of 2nd period - Nathan Smith wins face-off versus Mike Hardman in Heat zone.
0:33 of 2nd period - Double Minor Penalty to Steven Oleksy for High sticking.
0:34 of 2nd period - Jonathan Toews wins face-off versus Mathieu Joseph in Heat zone.
0:37 of 2nd period - Shot by Rocco Grimaldi.
0:37 of 2nd period - Shot Blocked by Tarmo Reunanen.
0:41 of 2nd period - Shot by Rocco Grimaldi.
0:41 of 2nd period - Shot Misses the Net.
0:43 of 2nd period - Shot by Steven Lorentz.
0:43 of 2nd period - Shot Blocked by Jacob Bryson.
1:11 of 2nd period - Shot by Jonathan Toews.
1:11 of 2nd period - Shot Misses the Net.
1:13 of 2nd period - Shot by Ryan Graves.
1:13 of 2nd period - Deflect By Steven Lorentz.
1:13 of 2nd period - Stopped by Matthew Galajda with a rebound.
1:15 of 2nd period - Shot by Ryan Graves.
1:15 of 2nd period - Shot Misses the Net.
1:17 of 2nd period - Shot by Jonathan Toews.
1:17 of 2nd period - Stopped by Matthew Galajda without a rebound.
1:18 of 2nd period - Nathan Smith wins face-off versus Rocco Grimaldi in Heat zone.
1:18 of 2nd period - Nathan Smith is hit by Nico Sturm.
1:25 of 2nd period - Icing by Nico Sturm.
1:26 of 2nd period - Saku Maenalanen wins face-off versus Mathieu Joseph in Palm Springs Eager zone.
1:31 of 2nd period - Shot by Saku Maenalanen.
1:31 of 2nd period - Shot Misses the Net.
1:33 of 2nd period - Shot by Gavin Bayreuther.
1:33 of 2nd period - Stopped by Matthew Galajda without a rebound.
1:34 of 2nd period - Mathieu Joseph wins face-off versus Rocco Grimaldi in Heat zone.
1:40 of 2nd period - Minor Penalty to Nathan Smith for Holding.
1:41 of 2nd period - Jonathan Toews wins face-off versus Mathieu Joseph in Heat zone.
1:42 of 2nd period - Shot by Steven Lorentz.
1:42 of 2nd period - Stopped by Matthew Galajda without a rebound.
1:43 of 2nd period - Mathieu Joseph wins face-off versus Jonathan Toews in Heat zone.
3:17 of 2nd period - Shot by Steven Lorentz.
3:17 of 2nd period - Deflect By Nikita Nesterenko.
3:17 of 2nd period - Stopped by Matthew Galajda without a rebound.
3:18 of 2nd period - Jonathan Toews wins face-off versus Aidan McDonough in Heat zone.
4:03 of 2nd period - Icing by Ryan Graves.
4:04 of 2nd period - Jonathan Toews wins face-off versus Mathieu Joseph in Palm Springs Eager zone.
4:28 of 2nd period - Shot by Mathieu Joseph.
4:28 of 2nd period - Shot Misses the Net.
4:30 of 2nd period - Shot by Aidan McDonough.
4:30 of 2nd period - Shot Blocked by Ryan Graves.
4:40 of 2nd period - Shot by Tyce Thompson.
4:40 of 2nd period - Stopped by Joseph Woll with a rebound.
4:42 of 2nd period - Shot by Tyce Thompson.
4:42 of 2nd period - Goal by Tyce Thompson - Palm Springs Eager : 0 - Heat : 1.
4:43 of 2nd period - Scott Reedy wins face-off versus Kyle Criscuolo in neutral zone.
5:01 of 2nd period - Shot by Tyce Thompson.
5:01 of 2nd period - Shot Misses the Net.
5:03 of 2nd period - Shot by Tyce Thompson.
5:03 of 2nd period - Goal by Tyce Thompson - Palm Springs Eager : 0 - Heat : 2.
5:04 of 2nd period - Nathan Smith wins face-off versus Mike Hardman in neutral zone.
5:12 of 2nd period - Shot by Mathieu Joseph.
5:12 of 2nd period - Shot Blocked by Vili Saarijarvi.
5:14 of 2nd period - Shot by Brett Leason.
5:14 of 2nd period - Stopped by Joseph Woll with a rebound.
5:16 of 2nd period - Shot by Brett Leason.
5:16 of 2nd period - Deflect By Nathan Smith.
5:16 of 2nd period - Stopped by Joseph Woll without a rebound.
5:17 of 2nd period - Greg McKegg wins face-off versus Lias Andersson in Palm Springs Eager zone.
5:18 of 2nd period - Shot by Tarmo Reunanen.
5:18 of 2nd period - Stopped by Joseph Woll without a rebound.
5:19 of 2nd period - Greg McKegg wins face-off versus Mike Hardman in Palm Springs Eager zone.
5:50 of 2nd period - Shot by Saku Maenalanen.
5:50 of 2nd period - Goal by Saku Maenalanen - Palm Springs Eager : 1 - Heat : 2.
5:51 of 2nd period - Nathan Smith wins face-off versus Dmitry Ovchinnikov in neutral zone.
6:10 of 2nd period - Shot by Scott Reedy.
6:10 of 2nd period - Stopped by Matthew Galajda without a rebound.
6:11 of 2nd period - Jonathan Toews wins face-off versus Kyle Criscuolo in Heat zone.
6:14 of 2nd period - Shot by Rocco Grimaldi.
6:14 of 2nd period - Stopped by Matthew Galajda without a rebound.
6:15 of 2nd period - Nathan Smith wins face-off versus Jonathan Toews in Heat zone.
6:40 of 2nd period - Shot by Steven Lorentz.
6:40 of 2nd period - Stopped by Matthew Galajda without a rebound.
6:41 of 2nd period - Mike Hardman wins face-off versus Greg McKegg in Heat zone.
6:54 of 2nd period - Shot by Nico Sturm.
6:54 of 2nd period - Shot Misses the Net.
6:56 of 2nd period - Shot by Nico Sturm.
6:56 of 2nd period - Shot Misses the Net.
7:29 of 2nd period - Icing by Tarmo Reunanen.
7:30 of 2nd period - Greg McKegg wins face-off versus Jonathan Toews in Heat zone.
7:30 of 2nd period - Greg McKegg is hit by Steven Lorentz.
8:02 of 2nd period - Shot by Rocco Grimaldi.
8:02 of 2nd period - Shot Misses the Net.
8:06 of 2nd period - Shot by Steven Lorentz.
8:06 of 2nd period - Shot Blocked by Tarmo Reunanen.
8:08 of 2nd period - Shot by Ryan Graves.
8:08 of 2nd period - Shot Misses the Net.
9:39 of 2nd period - Shot by Saku Maenalanen.
9:39 of 2nd period - Stopped by Matthew Galajda without a rebound.
9:40 of 2nd period - Kyle Criscuolo wins face-off versus Riley Duran in Heat zone.
10:10 of 2nd period - Shot by Alexander Campbell.
10:10 of 2nd period - Shot Misses the Net.
10:16 of 2nd period - Shot by Riley Duran.
10:16 of 2nd period - Shot Misses the Net.
10:18 of 2nd period - Shot by Ryan Graves.
10:18 of 2nd period - Stopped by Matthew Galajda without a rebound.
10:19 of 2nd period - Jonathan Toews wins face-off versus Nathan Smith in Heat zone.
10:30 of 2nd period - Vili Saarijarvi is hit by Brett Leason and loses puck.
10:37 of 2nd period - Shot by Brett Leason.
10:37 of 2nd period - Stopped by Joseph Woll without a rebound.
10:38 of 2nd period - Jan Jenik wins face-off versus Mike Hardman in Palm Springs Eager zone.
10:43 of 2nd period - Shot by Artur Kayumov.
10:43 of 2nd period - Shot Blocked by Radko Gudas.
11:01 of 2nd period - Shot by Mathieu Joseph.
11:01 of 2nd period - Deflect By Jan Jenik.
11:01 of 2nd period - Shot Misses the Net.
11:36 of 2nd period - Off-side.
11:37 of 2nd period - Kyle Criscuolo wins face-off versus Lias Andersson in neutral zone.
11:37 of 2nd period - Jesper Lindgren is hit by Lias Andersson and loses puck.
11:52 of 2nd period - Shot by Scott Reedy.
11:52 of 2nd period - Stopped by Matthew Galajda without a rebound.
11:53 of 2nd period - Jonathan Toews wins face-off versus Kyle Criscuolo in Heat zone.
12:00 of 2nd period - Shot by Egor Sokolov.
12:00 of 2nd period - Stopped by Joseph Woll without a rebound.
12:01 of 2nd period - Jonathan Toews wins face-off versus Nathan Smith in Palm Springs Eager zone.
12:16 of 2nd period - Shot by Jonathan Toews.
12:16 of 2nd period - Stopped by Matthew Galajda with a rebound.
12:18 of 2nd period - Shot by Ryan Graves.
12:18 of 2nd period - Stopped by Matthew Galajda without a rebound.
12:19 of 2nd period - Mike Hardman wins face-off versus Kyle Criscuolo in Heat zone.
12:20 of 2nd period - Shot by Nico Sturm.
12:20 of 2nd period - Stopped by Matthew Galajda without a rebound.
12:21 of 2nd period - Steven Lorentz wins face-off versus Greg McKegg in Heat zone.
12:24 of 2nd period - Shot by Jonathan Toews.
12:24 of 2nd period - Shot Misses the Net.
12:30 of 2nd period - Shot by Greg McKegg.
12:30 of 2nd period - Stopped by Joseph Woll without a rebound.
12:31 of 2nd period - Nathan Smith wins face-off versus Jonathan Toews in Palm Springs Eager zone.
12:49 of 2nd period - Icing by Rocco Grimaldi.
12:50 of 2nd period - Jonathan Toews wins face-off versus Greg McKegg in Palm Springs Eager zone.
12:50 of 2nd period - Jonathan Toews is hit by Greg McKegg.
13:05 of 2nd period - Steven Lorentz is hit by Greg McKegg and loses puck.
13:11 of 2nd period - Off-side.
13:12 of 2nd period - Mike Hardman wins face-off versus Nathan Smith in neutral zone.
13:24 of 2nd period - Saku Maenalanen is hit by Steven Oleksy.
13:32 of 2nd period - Shot by Saku Maenalanen.
13:32 of 2nd period - Goal by Saku Maenalanen - Palm Springs Eager : 2 - Heat : 2.
13:33 of 2nd period - Greg McKegg wins face-off versus Lias Andersson in neutral zone.
13:42 of 2nd period - Shot by Cole Schneider.
13:42 of 2nd period - Shot Misses the Net.
13:44 of 2nd period - Shot by Jacob Bryson.
13:44 of 2nd period - Shot Misses the Net.
13:56 of 2nd period - Shot by Greg McKegg.
13:56 of 2nd period - Shot Misses the Net.
14:31 of 2nd period - Shot by Mathieu Joseph.
14:31 of 2nd period - Stopped by Joseph Woll without a rebound.
14:32 of 2nd period - Jonathan Toews wins face-off versus Kyle Criscuolo in Palm Springs Eager zone.
14:54 of 2nd period - Shot by Jonathan Toews.
14:54 of 2nd period - Shot Blocked by Jordan Subban.
14:56 of 2nd period - Shot by Jonathan Toews.
14:56 of 2nd period - Goal by Jonathan Toews - Palm Springs Eager : 3 - Heat : 2.
14:57 of 2nd period - Nathan Smith wins face-off versus Mike Hardman in neutral zone.
15:04 of 2nd period - Shot by Vili Saarijarvi.
15:04 of 2nd period - Shot Misses the Net.
15:30 of 2nd period - Shot by Nathan Smith.
15:30 of 2nd period - Shot Blocked by Vili Saarijarvi.
15:35 of 2nd period - Vili Saarijarvi is hit by Mathieu Joseph.
15:38 of 2nd period - Saku Maenalanen is hit by Nathan Smith and loses puck.
15:39 of 2nd period - Minor Penalty to Mathieu Joseph for Roughing.
15:40 of 2nd period - Jonathan Toews wins face-off versus Tyce Thompson in Heat zone.
15:45 of 2nd period - Shot by Rocco Grimaldi.
15:45 of 2nd period - Stopped by Matthew Galajda without a rebound.
15:46 of 2nd period - Tyce Thompson wins face-off versus Jonathan Toews in Heat zone.
16:00 of 2nd period - Tarmo Reunanen is hit by Rocco Grimaldi and loses puck.
16:05 of 2nd period - Shot by Steven Lorentz.
16:05 of 2nd period - Stopped by Matthew Galajda without a rebound.
16:06 of 2nd period - Rocco Grimaldi wins face-off versus Tyce Thompson in Heat zone.
16:13 of 2nd period - Shot by Saku Maenalanen.
16:13 of 2nd period - Shot Misses the Net.
16:33 of 2nd period - Shot by Gavin Bayreuther.
16:33 of 2nd period - Stopped by Matthew Galajda without a rebound.
16:34 of 2nd period - Jonathan Toews wins face-off versus Tyce Thompson in Heat zone.
16:34 of 2nd period - Steven Lorentz is hit by Steven Oleksy and loses puck.
17:22 of 2nd period - Icing by Nico Sturm.
17:23 of 2nd period - Mike Hardman wins face-off versus Tyce Thompson in Palm Springs Eager zone.
17:23 of 2nd period - Mike Hardman is hit by Aidan McDonough.
17:37 of 2nd period - Shot by Gavin Bayreuther.
17:37 of 2nd period - Stopped by Matthew Galajda without a rebound.
17:38 of 2nd period - Jonathan Toews wins face-off versus Aidan McDonough in Heat zone.
17:43 of 2nd period - Shot by Lias Andersson.
17:43 of 2nd period - Shot Misses the Net.
18:10 of 2nd period - Dmitry Ovchinnikov is hit by Mathieu Joseph and loses puck.
18:33 of 2nd period - Icing by Egor Sokolov.
18:34 of 2nd period - Mike Hardman wins face-off versus Kyle Criscuolo in Heat zone.
19:03 of 2nd period - Off-side.
19:04 of 2nd period - Jonathan Toews wins face-off versus Greg McKegg in neutral zone.
19:04 of 2nd period - Radko Gudas is hit by Aidan McDonough.
19:07 of 2nd period - Steven Lorentz is hit by Tarmo Reunanen and loses puck.
19:41 of 2nd period - Steven Lorentz is hit by Jacob Bryson and loses puck.
19:58 of 2nd period - Icing by Steven Oleksy.
19:59 of 2nd period - Nathan Smith wins face-off versus Mike Hardman in Heat zone.
Goals for this period are 3 for Palm Springs Eager vs 2 for Heat .
Shots for this period are 21 for Palm Springs Eager vs 10 for Heat .

3rd period


0:01 of 3rd period - Jonathan Toews wins face-off versus Nathan Smith in neutral zone.
0:04 of 3rd period - Shot by Rocco Grimaldi.
0:04 of 3rd period - Deflect By Steven Lorentz.
0:04 of 3rd period - Shot Blocked by Steven Oleksy.
0:18 of 3rd period - Shot by Jonathan Toews.
0:18 of 3rd period - Shot Misses the Net.
0:52 of 3rd period - Ryan Graves is hit by Cole Schneider and loses puck.
0:59 of 3rd period - Shot by Aidan McDonough.
0:59 of 3rd period - Stopped by Joseph Woll without a rebound.
1:00 of 3rd period - Saku Maenalanen wins face-off versus Kyle Criscuolo in Palm Springs Eager zone.
1:13 of 3rd period - Shot by Saku Maenalanen.
1:13 of 3rd period - Stopped by Matthew Galajda with a rebound.
1:15 of 3rd period - Shot by Nico Sturm.
1:15 of 3rd period - Goal by Nico Sturm - Palm Springs Eager : 4 - Heat : 2.
1:16 of 3rd period - Riley Duran wins face-off versus Greg McKegg in neutral zone.
1:18 of 3rd period - Alexander Campbell is hit by Aidan McDonough.
1:49 of 3rd period - Nikita Nesterenko is hit by Tarmo Reunanen.
2:17 of 3rd period - Shot by Nico Sturm.
2:17 of 3rd period - Shot Misses the Net.
2:43 of 3rd period - Shot by Mathieu Joseph.
2:43 of 3rd period - Stopped by Joseph Woll without a rebound.
2:44 of 3rd period - Jonathan Toews wins face-off versus Egor Sokolov in Palm Springs Eager zone.
3:16 of 3rd period - Kyle Criscuolo is hit by Colin Miller and loses puck.
3:23 of 3rd period - Shot by Tyce Thompson.
3:23 of 3rd period - Shot Misses the Net.
3:33 of 3rd period - Shot by Mathieu Joseph.
3:33 of 3rd period - Goal by Mathieu Joseph - Palm Springs Eager : 4 - Heat : 3.
3:34 of 3rd period - Nathan Smith wins face-off versus Lias Andersson in neutral zone.
3:38 of 3rd period - Off-side.
3:39 of 3rd period - Nathan Smith wins face-off versus Lias Andersson in neutral zone.
4:23 of 3rd period - Radko Gudas is hit by Nathan Smith and loses puck.
4:56 of 3rd period - Mike Hardman is hit by Tarmo Reunanen and loses puck.
5:01 of 3rd period - Shot by Mike Hardman.
5:01 of 3rd period - Shot Blocked by Jacob Bryson.
5:03 of 3rd period - Shot by Mike Hardman.
5:03 of 3rd period - Shot Misses the Net.
5:07 of 3rd period - Shot by Mike Hardman.
5:07 of 3rd period - Deflect By Saku Maenalanen.
5:07 of 3rd period - Stopped by Matthew Galajda without a rebound.
5:08 of 3rd period - Jonathan Toews wins face-off versus Kyle Criscuolo in Heat zone.
5:15 of 3rd period - Shot by Jonathan Toews.
5:15 of 3rd period - Stopped by Matthew Galajda without a rebound.
5:16 of 3rd period - Jonathan Toews wins face-off versus Kyle Criscuolo in Heat zone.
5:16 of 3rd period - Steven Lorentz is hit by Jesper Lindgren and loses puck.
5:42 of 3rd period - Off-side.
5:43 of 3rd period - Nathan Smith wins face-off versus Mike Hardman in neutral zone.
6:06 of 3rd period - Shot by Saku Maenalanen.
6:06 of 3rd period - Deflect By Mike Hardman.
6:06 of 3rd period - Shot Misses the Net.
6:08 of 3rd period - Shot by Saku Maenalanen.
6:08 of 3rd period - Goal by Saku Maenalanen - Palm Springs Eager : 5 - Heat : 3.
6:09 of 3rd period - Greg McKegg wins face-off versus Jonathan Toews in neutral zone.
6:20 of 3rd period - Shot by Aidan McDonough.
6:20 of 3rd period - Deflect By Cole Schneider.
6:20 of 3rd period - Shot Blocked by Jonathan Toews.
6:41 of 3rd period - Shot by Aidan McDonough.
6:41 of 3rd period - Stopped by Joseph Woll with a rebound.
6:43 of 3rd period - Shot by Greg McKegg.
6:43 of 3rd period - Shot Misses the Net.
6:45 of 3rd period - Shot by Jacob Bryson.
6:45 of 3rd period - Stopped by Joseph Woll with a rebound.
7:19 of 3rd period - Shot by Mathieu Joseph.
7:19 of 3rd period - Goal by Mathieu Joseph - Palm Springs Eager : 5 - Heat : 4.
7:20 of 3rd period - Kyle Criscuolo wins face-off versus Mike Hardman in neutral zone.
7:27 of 3rd period - Shot by Kyle Criscuolo.
7:27 of 3rd period - Shot Misses the Net.
7:50 of 3rd period - Off-side.
7:51 of 3rd period - Riley Duran wins face-off versus Nathan Smith in neutral zone.
7:56 of 3rd period - Shot by Nikita Nesterenko.
7:56 of 3rd period - Shot Misses the Net.
7:58 of 3rd period - Shot by Alexander Campbell.
7:58 of 3rd period - Stopped by Matthew Galajda without a rebound.
7:59 of 3rd period - Lias Andersson wins face-off versus Nathan Smith in Heat zone.
7:59 of 3rd period - Minor Penalty to Steven Oleksy for Tripping.
8:00 of 3rd period - Rocco Grimaldi wins face-off versus Mathieu Joseph in Heat zone.
8:01 of 3rd period - Shot by Colin Miller.
8:01 of 3rd period - Shot Blocked by Brinson Pasichnuk.
8:03 of 3rd period - Shot by Colin Miller.
8:03 of 3rd period - Stopped by Matthew Galajda with a rebound.
8:05 of 3rd period - Shot by Nico Sturm.
8:05 of 3rd period - Stopped by Matthew Galajda without a rebound.
8:06 of 3rd period - Jonathan Toews wins face-off versus Mathieu Joseph in Heat zone.
8:07 of 3rd period - Shot by Ryan Graves.
8:07 of 3rd period - Stopped by Matthew Galajda without a rebound.
8:08 of 3rd period - Mathieu Joseph wins face-off versus Rocco Grimaldi in Heat zone.
8:08 of 3rd period - Mathieu Joseph is hit by Steven Lorentz.
8:21 of 3rd period - Off-side.
8:22 of 3rd period - Mathieu Joseph wins face-off versus Rocco Grimaldi in neutral zone.
8:43 of 3rd period - Tarmo Reunanen is hit by Rocco Grimaldi and loses puck.
8:55 of 3rd period - Nico Sturm is hit by Tarmo Reunanen and loses puck.
9:22 of 3rd period - Shot by Steven Lorentz.
9:22 of 3rd period - Shot Misses the Net.
9:31 of 3rd period - Shot by Colin Miller.
9:31 of 3rd period - Shot Misses the Net.
9:33 of 3rd period - Shot by Colin Miller.
9:33 of 3rd period - Shot Misses the Net.
9:35 of 3rd period - Shot by Steven Lorentz.
9:35 of 3rd period - Deflect By Jonathan Toews.
9:35 of 3rd period - Shot Misses the Net.
9:37 of 3rd period - Shot by Steven Lorentz.
9:37 of 3rd period - Stopped by Matthew Galajda with a rebound.
9:50 of 3rd period - Icing by Mike Hardman.
9:51 of 3rd period - Jonathan Toews wins face-off versus Mathieu Joseph in Palm Springs Eager zone.
10:07 of 3rd period - Icing by Vili Saarijarvi.
10:08 of 3rd period - Kyle Criscuolo wins face-off versus Lias Andersson in Palm Springs Eager zone.
10:21 of 3rd period - Shot by Egor Sokolov.
10:21 of 3rd period - Shot Misses the Net.
10:23 of 3rd period - Shot by Tyce Thompson.
10:23 of 3rd period - Deflect By Kyle Criscuolo.
10:23 of 3rd period - Shot Blocked by Scott Mayfield.
10:44 of 3rd period - Shot by Tyce Thompson.
10:44 of 3rd period - Stopped by Joseph Woll without a rebound.
10:45 of 3rd period - Brett Leason wins face-off versus Nikita Nesterenko in Palm Springs Eager zone.
11:36 of 3rd period - Tarmo Reunanen is hit by Nikita Nesterenko and loses puck.
11:45 of 3rd period - Shot by Cole Schneider.
11:45 of 3rd period - Shot Misses the Net.
12:06 of 3rd period - Colin Miller is hit by Cole Schneider and loses puck.
12:22 of 3rd period - Alexander Campbell is hit by Greg McKegg and loses puck.
12:34 of 3rd period - Nikita Nesterenko is hit by Jesper Lindgren and loses puck.
12:35 of 3rd period - Minor Penalty to Jesper Lindgren for High sticking.
12:36 of 3rd period - Jonathan Toews wins face-off versus Mathieu Joseph in Heat zone.
12:37 of 3rd period - Shot by Steven Lorentz.
12:37 of 3rd period - Goal by Steven Lorentz - Palm Springs Eager : 6 - Heat : 4.
12:38 of 3rd period - Nathan Smith wins face-off versus Jonathan Toews in neutral zone.
13:01 of 3rd period - Shot by Nathan Smith.
13:01 of 3rd period - Shot Blocked by Radko Gudas.
13:03 of 3rd period - Shot by Steven Oleksy.
13:03 of 3rd period - Stopped by Joseph Woll with a rebound.
13:09 of 3rd period - Shot by Mathieu Joseph.
13:09 of 3rd period - Shot Blocked by Radko Gudas.
13:26 of 3rd period - Icing by Gavin Bayreuther.
13:27 of 3rd period - Jonathan Toews wins face-off versus Kyle Criscuolo in Palm Springs Eager zone.
13:27 of 3rd period - Jonathan Toews is hit by Egor Sokolov.
14:31 of 3rd period - Icing by Vili Saarijarvi.
14:32 of 3rd period - Mike Hardman wins face-off versus Mathieu Joseph in Palm Springs Eager zone.
14:34 of 3rd period - Icing by Saku Maenalanen.
14:35 of 3rd period - Nathan Smith wins face-off versus Mike Hardman in Palm Springs Eager zone.
14:46 of 3rd period - Shot by Nathan Smith.
14:46 of 3rd period - Deflect By Mathieu Joseph.
14:46 of 3rd period - Shot Misses the Net.
16:02 of 3rd period - Shot by Rocco Grimaldi.
16:02 of 3rd period - Deflect By Steven Lorentz.
16:02 of 3rd period - Stopped by Matthew Galajda without a rebound.
16:03 of 3rd period - Lias Andersson wins face-off versus Kyle Criscuolo in Heat zone.
16:06 of 3rd period - Shot by Scott Reedy.
16:06 of 3rd period - Shot Blocked by Jesper Lindgren.
17:05 of 3rd period - Shot by Jan Jenik.
17:05 of 3rd period - Stopped by Joseph Woll without a rebound.
17:06 of 3rd period - Rocco Grimaldi wins face-off versus Greg McKegg in Palm Springs Eager zone.
17:06 of 3rd period - Rocco Grimaldi is hit by Greg McKegg.
17:27 of 3rd period - Jonathan Toews is hit by Jacob Bryson.
18:21 of 3rd period - Shot by Mathieu Joseph.
18:21 of 3rd period - Deflect By Brett Leason.
18:21 of 3rd period - Shot Misses the Net.
18:23 of 3rd period - Shot by Mathieu Joseph.
18:23 of 3rd period - Stopped by Joseph Woll without a rebound.
18:24 of 3rd period - Kyle Criscuolo wins face-off versus Mike Hardman in Palm Springs Eager zone.
18:41 of 3rd period - Shot by Nico Sturm.
18:41 of 3rd period - Stopped by Matthew Galajda without a rebound.
18:42 of 3rd period - Jan Jenik wins face-off versus Riley Duran in Heat zone.
18:53 of 3rd period - Shot by Steven Oleksy.
18:53 of 3rd period - Shot Misses the Net.
18:55 of 3rd period - Shot by Steven Oleksy.
18:55 of 3rd period - Stopped by Joseph Woll without a rebound.
18:56 of 3rd period - Lias Andersson wins face-off versus Greg McKegg in Palm Springs Eager zone.
Goals for this period are 3 for Palm Springs Eager vs 2 for Heat .
Shots for this period are 13 for Palm Springs Eager vs 11 for Heat .